 Dungeon Crawl Stone Soup version 0.18.1-50-g88ac8fd (webtiles) character file.

92 Ponchio the Vexing (level 4, -6/27 HPs)
             Began as a Halfling Enchanter on Oct 11, 2016.
             Mangled by an ice beast (9 damage)
             ... on level 3 of the Dungeon.
             The game lasted 00:12:27 (3143 turns).

Ponchio the Vexing (Halfling Enchanter)             Turns: 3143, Time: 00:12:27

Health: -6/27      AC:  3    Str:  8    XL:     4   Next: 90%
Magic:  7/7        EV: 15    Int: 15    God:
Gold:   121        SH:  0    Dex: 14    Spells: 2 memorised, 5 levels left

rFire  + . .     SeeInvis .     a - +1 dagger
rCold  . . .     Gourm    .     b - +1 robe
rNeg   . . .     Faith    +     (shield restricted)
rPois  .         Spirit   .     (no helmet)
rElec  .         Dismiss  .     (no cloak)
rCorr  .         Reflect  .     (no gloves)
SustAt .         Harm     .     (no boots)
MR     .....                    m - amulet of faith
Stlth  +++.......               l - ring of wizardry
                                d - ring of protection from fire (curse)

@: not resistant to hostile enchantments, fairly stealthy
A: mutation resistance 1
a: no special abilities


You were on level 3 of the Dungeon.
You were not hungry.

You visited 1 branch of the dungeon, and saw 3 of its levels.

You collected 121 gold pieces.

Inventory:

Hand Weapons
 a - a +1 dagger (weapon)
Armour
 b - a +1 robe (worn)
Jewellery
 d - a cursed ring of protection from fire (left hand)
 l - a ring of wizardry (right hand)
 m - an amulet of faith (around neck)
 o - an uncursed ring of sustain attributes
Scrolls
 e - 4 scrolls of remove curse
 h - a scroll of identify {unknown}
 j - 2 scrolls of teleportation {unknown}
 k - a scroll of magic mapping {unknown}
 n - a scroll of blinking {unknown}
 p - a scroll of enchant armour {unknown}
 q - a scroll of fear {unknown}
Potions
 f - 2 potions of curing {unknown}
 g - a potion of degeneration {unknown}
 i - 2 potions of flight {unknown}
Books
 c - a book of Maledictions

   Spells                             Type                      Level
   a - Corona                         Hexes                        1
   b - Ensorcelled Hibernation        Hexes/Ice                    2
   c - Confuse                        Hexes                        3
   d - Tukima's Dance                 Hexes                        3
   e - Dazzling Spray                 Conjuration/Hexes            3


   Skills:
 + Level 3.1 Short Blades
 - Level 2.1 Dodging
 - Level 3.2 Stealth
 + Level 2.5 Spellcasting
 + Level 3.4 Hexes


You had 5 spell levels left.
You knew the following spells:

 Your Spells              Type           Power        Failure   Level  Hunger
a - Corona                Hex            ##.....      2%          1    #......
b - Ensorcelled Hibernat  Hex/Ice        #.....       7%          2    ###....


Dungeon Overview and Level Annotations

Branches:
Dungeon (3/15)

Altars:
Ru
Xom


Innate Abilities, Weirdness & Mutations

You are small and have problems with some larger weapons.
You are somewhat resistant to further mutation.


Message History

The ice beast is severely wounded.
The ice beast hits you. The ice beast freezes you!
* * * LOW HITPOINT WARNING * * *
You are too injured to fight recklessly!
You are too injured to fight recklessly!
You are too injured to fight recklessly!
You hit the ice beast but do no damage.
The ice beast is severely wounded.
You hit the ice beast.
The ice beast is almost dead.
The ice beast misses you.
You hit the ice beast but do no damage.
The ice beast is almost dead.
The ice beast hits you but does no damage.
You closely miss the ice beast.
The ice beast is almost dead.
The ice beast hits you.
* * * LOW HITPOINT WARNING * * *
The ice beast freezes you!
You die...

. #.##.#######
..≈###.#...##
..^_..#.........####
≈......###.........#
._.≈≈ #......##.#
.≈_. ##.###.# # .≈.
#.# #.# # #^###
#.###.##.# #.#.##
#.....@Yg# #....##
#####.#### ##.....##
#.# ##.......## #.#
..........# #.#
.........## #.#
........#######.#
................
..<....########


You could see an ice beast and a hobgoblin.

Vanquished Creatures
  A gnoll (D:1)
  3 adders (D:2)
  An ooze (D:2)
  A worm (D:3)
  3 dart slugs (D:2)
  2 giant cockroaches (D:1)
  5 goblins
  3 hobgoblins
  3 jackals (D:2)
  8 kobolds
  A quokka (D:2)
  A ball python (D:2)
  3 bats
  4 giant newts
  6 rats
45 creatures vanquished.

Notes
Turn   | Place    | Note
--------------------------------------------------------------
     0 | D:1      | Ponchio the Halfling Enchanter began the quest for the Orb.
     0 | D:1      | Reached XP level 1. HP: 11/11 MP: 3/3
    85 | D:1      | Reached XP level 2. HP: 5/17 MP: 4/4
   320 | D:1      | Learned a level 2 spell: Ensorcelled Hibernation
   756 | D:1      | Reached XP level 3. HP: 7/21 MP: 1/6
  1838 | D:2      | Reached XP level 4. HP: 24/27 MP: 1/7
  2607 | D:2      | You fall through a shaft!
  2671 | D:3      | Found a shimmering altar of Xom.
  2671 | D:3      | Found a shimmering altar of Xom.
  2671 | D:3      | Found a shimmering altar of Xom.
  2782 | D:2      | Found a sacrificial altar of Ru.
  3125 | D:3      | Noticed an ice beast
  3143 | D:3      | Mangled by an ice beast

Skill      XL: |  1  2  3  4 |
---------------+-------------+-----
Short Blades   | 2 3 |  3.1
Spellcasting   | 2 |  2.5
Hexes          | 3 |  3.4
Dodging        | |  2.1
Stealth        | |  3.2

Action                   |  1- 3 |  4- 6 || total
-------------------------+-------+-------++-------
Melee: Dagger            |    56 |    92 ||   148
 Cast: Ensorcelled Hiber |    14 |    12 ||    26
  Use: Scroll            |     1 |       ||     1
 Stab: Sleeping          |    20 |    13 ||    33
  Eat: Chunk             |     2 |       ||     2
       Bread ration      |     1 |     1 ||     2
Armor: Robe              |     6 |    20 ||    26
Dodge: Dodged            |    40 |    54 ||    94
